 Dungeon Sprint DCSS version 0.29-a0-384-g6960b1960d (webtiles) character file.

Game seed: 15562029503581844649

875 mhtbhm the Cleaver (level 7, -6/78 HPs)
             Began as a Minotaur Berserker on May 7, 2022.
             Was a High Priest of Trog.
             Mangled by a deep troll (9 damage)
             ... in the Dungeon (Sprint VII: "The Pits").
             The game lasted 00:01:28 (782 turns).

mhtbhm the Cleaver (Minotaur Berserker)              Turns: 782, Time: 00:01:28

Health: -6/78      AC: 12    Str: 23    XL:     7   Next: 74%
Magic:  6/6        EV: 12    Int:  4    God:    Trog [*****.]
Gold:   0          SH:  0    Dex: 10    Spells: 6/6 levels left

rFire   . . .      SeeInvis .   a - +3 battleaxe (flame)
rCold   . . .      Faith    .   (shield currently unavailable)
rNeg    . . .      Spirit   .   b - +4 scale mail
rPois   .          Reflect  .   (helmet restricted)
rElec   .          Harm     .   (no cloak)
rCorr   .          Rampage  .   (no gloves)
Will    .....      NoTele   +   (no boots)
Stlth   ..........              (no amulet)
HPRegen 0.23/turn               (no ring)
MPRegen 0.10/turn               (no ring)

@: no status effects
A: horns 2, retaliatory headbutt
a: Renounce Religion, Berserk, Trog's Hand, Brothers in Arms


You were in the Dungeon.
You worshipped Trog.
Trog was extremely pleased with you.
You visited 1 branch

Inventory:

Hand Weapons
 a - a +3 battleaxe of flaming (weapon)
Armour
 b - a +4 scale mail (worn)
Jewellery
 k - a +3 ring of protection
 l - a +3 ring of protection
Scrolls
 h - a scroll of blinking
 j - a scroll of summoning
Potions
 c - 7 potions of curing
 d - 12 potions of heal wounds
 e - a potion of haste
 f - 4 potions of magic
 g - 4 potions of berserk rage
 i - 2 potions of invisibility
 m - 2 potions of resistance


   Skills:
 + Level 12.3 Fighting
 + Level 13.2 Axes
 + Level 7.4 Armour
 + Level 7.2 Dodging
 + Level 0.9 Stealth


You had 6 spell levels left.
You didn't know any spells.
Your spell library was empty.

Dungeon Overview and Level Annotations

Branches:
Dungeon (1/1)

Altars:
Gozag
Hepliaklqana
Sif Muna
Trog
Jiyva


Innate Abilities, Weirdness & Mutations

You have a pair of horns on your head.
You reflexively headbutt those who attack you in melee.


Message History

Trog accepts your kill. Trog grants you a weapon!
Something appears at your feet!
You see here a +7 vorpal executioner's axe.
You slash the deep troll! You burn the deep troll. The deep troll bites you.
The deep troll claws you! The deep troll claws you. The deep troll bites you!
The deep troll claws you but does no damage.
The deep troll claws you.
Unknown command.
The deep troll misses you. You furiously retaliate!
You headbutt the deep troll, but do no damage.
The deep troll barely misses you. The deep troll claws you.
You barely miss the deep troll.
The deep troll is moderately wounded.
The deep troll misses you. You furiously retaliate!
You headbutt the deep troll. The deep troll closely misses you.
The deep troll misses you.
You hit the deep troll. You burn the deep troll.
The deep troll is moderately wounded.
The deep troll bites you but does no damage.
The deep troll claws you but does no damage.
The deep troll closely misses you.
You closely miss the deep troll.
The deep troll is moderately wounded.
The deep troll closely misses you. You furiously retaliate!
You headbutt the deep troll! The deep troll claws you.
* * * LOW HITPOINT WARNING * * *
The deep troll claws you.
* * * LOW HITPOINT WARNING * * *
You feel much better. The deep troll bites you!!
* * * LOW HITPOINT WARNING * * *
The deep troll claws you but does no damage. x2
Unknown command.
You feel much better. The deep troll bites you!!
* * * LOW HITPOINT WARNING * * *
The deep troll claws you!
* * * LOW HITPOINT WARNING * * *
The deep troll claws you!
You die...

###++##########
..........##..#
#..#......##..#
..........''..#
..........''..##########
#..#......##..).@.......
..........##...T........
###++###################
.# .# .# .# .# .#


You could see a deep troll.

Vanquished Creatures
  A wyvern (D)
  A warg (D)
  A floating eye (D)
  A swamp drake (D)
  2 ice beasts (D)
  A wolf (D)
  A hound (D)
  An orc priest (D)
  2 orc wizards (D)
  A gnoll (D)
  A river rat (D)
  A worm (D)
  6 orcs (D)
  A goblin (D)
  A hobgoblin (D)
  3 quokkas (D)
  A ball python (D)
  2 kobolds (D)
28 creatures vanquished.

Notes
Turn   | Place    | Note
-------+----------+-------------------------------------------
     0 | D        | mhtbhm the Minotaur Berserker began the quest for the Orb.
     0 | D        | Reached XP level 1. HP: 19/19 MP: 0/0
    48 | D        | Noticed a floating eye
    49 | D        | Paralysed by a floating eye for 2 turns
    52 | D        | Killed a floating eye
    52 | D        | Reached ** piety under Trog
    53 | D        | Reached skill level 7 in Axes
    53 | D        | Reached XP level 2. HP: 33/35 MP: 1/1
    53 | D        | Reached XP level 3. HP: 39/40 MP: 2/2
    53 | D        | Reached XP level 4. HP: 46/48 MP: 3/3
   175 | D        | Reached *** piety under Trog
   181 | D        | Reached skill level 8 in Axes
   292 | D        | Found a bloodstained altar of Trog.
   292 | D        | Found a shimmering blue altar of Sif Muna.
   292 | D        | Found a viscous altar of Jiyva.
   292 | D        | Found a hazy altar of Hepliaklqana.
   292 | D        | Found an opulent altar of Gozag.
   315 | D        | Noticed a warg
   315 | D        | Noticed an ice beast
   318 | D        | Noticed a wolf
   319 | D        | Killed an ice beast
   320 | D        | Reached skill level 9 in Axes
   320 | D        | Reached skill level 5 in Armour
   320 | D        | Reached skill level 5 in Dodging
   320 | D        | Reached XP level 5. HP: 57/57 MP: 4/4
   321 | D        | Killed a warg
   322 | D        | Reached skill level 10 in Fighting
   322 | D        | Reached skill level 10 in Axes
   322 | D        | Reached XP level 6. HP: 66/66 MP: 5/5
   322 | D        | Reached **** piety under Trog
   325 | D        | Reached skill level 11 in Axes
   382 | D        | Noticed a wyvern
   386 | D        | Killed a wyvern
   387 | D        | Reached skill level 12 in Axes
   387 | D        | Reached XP level 7. HP: 38/74 MP: 6/6
   554 | D        | Reached ***** piety under Trog
   569 | D        | Received a gift from Trog
   636 | D        | Reached skill level 13 in Axes
   769 | D        | Noticed a deep troll
   775 | D        | Received a gift from Trog
   782 | D        | HP: 3/78 [deep troll (11)]
   782 | D        | Mangled by a deep troll

Illustrated notes

Levels and vault maps discovered:
D:        pitsprint [storerooms_1, entrance_room_1, metal_vault_5, armoury_3,
          mini_pit_1, grid_room_1, main_hall_1, silver_pit, the_coven_1,
          the_vestibule_1, steel_vault_3, golden_pit, hallway_of_sentries,
          crystal_vault_6, iron_vault_2, final_vault]

Skill      XL: |  1  2  3  4  5  6  7 |
---------------+----------------------+-----
Fighting       | 7 9 10 11 12 | 12.3
Axes           | 7 9 10 12 13 | 13.2
Armour         | 4 5 6 7 |  7.4
Dodging        | 4 5 6 7 |  7.2
Stealth        | |  0.9

Action                   |  1- 3 |  4- 6 |  7- 9 || total
-------------------------+-------+-------+-------++-------
Melee: Hand axe          |     2 |    26 |    10 ||    38
       Headbutt          |     2 |     7 |     2 ||    11
       Battleaxe         |       |       |    16 ||    16
Invok: Berserk           |     1 |     1 |       ||     2
  Use: Potion            |       |       |     2 ||     2
 Stab: Confused          |       |       |     1 ||     1
Armor: Animal skin       |       |     2 |       ||     2
       Chain mail        |       |     5 |    16 ||    21
       Scale mail        |       |       |     8 ||     8
Dodge: Dodged            |     3 |    13 |    21 ||    37

Table legend: (Time is in decaauts)
 A = Elapsed time spent in this place.
 B = Non-inter-level travel time spent in this place.
 C = Inter-level travel time spent in this place.
 D = Time resting spent in this place.
 E = Time spent auto-exploring this place.
 F = Levels seen in this place.
 G = Mean time per level.
                   A        B        C        D        E       F      G
               +--------+--------+--------+--------+--------+-----+--------+
         Total |    797 |    797 |      0 |    334 |     99 |   1 |  797.0 |
       Dungeon |    797 |    797 |      0 |    334 |     99 |   1 |  797.0 |
               +--------+--------+--------+--------+--------+-----+--------+

Top non-repeatable levels by time:
       D: 797 daAuts
